 Dungeon Crawl Stone Soup version 0.21.1-1-g345015f (webtiles) character file.

2155 shakethe the Firebug (level 9, -4/49 HPs)
             Began as a Deep Elf Fire Elementalist on Feb 6, 2018.
             Killed from afar by shakethe's ghost (5 damage)
             ... with a fireball
             ... on level 7 of the Dungeon.
             The game lasted 00:24:20 (6291 turns).

shakethe the Firebug (Deep Elf Fire Elementalist)   Turns: 6291, Time: 00:24:20

Health: -4/49      AC:  6    Str:  5    XL:     9   Next: 10%
Magic:  1/21       EV: 15    Int: 24    God:
Gold:   318        SH:  0    Dex: 15    Spells: 9/22 levels left

rFire    + . .     SeeInvis .   y - +1 dagger (speed)
rCold    . . .     Gourm    .   (no shield)
rNeg     . . .     Faith    .   a - +0 robe
rPois    .         Spirit   .   n - +0 helmet (curse)
rElec    .         Reflect  .   m - +0 cloak
rCorr    .         Harm     .   o - +0 pair of gloves
MR       .....                  i - +0 pair of boots
Stlth    +.........             (no amulet)
HPRegen  0.16/turn              g - ring of protection from fire
MPRegen  0.17/turn              (no ring)

@: liquid flames, glowing
A: no striking features
a: no special abilities


You were on level 7 of the Dungeon.
You were hungry.

You visited 1 branch of the dungeon, and saw 7 of its levels.

You collected 318 gold pieces.

Inventory:

Hand Weapons
 d - a +0 club
 f - a +1 dagger
 u - a +0 dagger of flaming
 y - a +1 dagger of speed (weapon)
Armour
 a - a +0 robe (worn)
 i - a +0 pair of boots (worn)
 m - a +0 cloak (worn)
 n - a cursed +0 helmet (worn)
 o - a +0 pair of gloves (worn)
Magical Staves
 D - an uncursed staff of wizardry {unknown}
Jewellery
 g - a ring of protection from fire (left hand)
Wands
 r - a wand of flame (24)
 w - a wand of random effects (18)
 x - a wand of polymorph (11)
Scrolls
 l - 6 scrolls of identify
 q - a scroll of vulnerability {unknown}
 t - 2 scrolls of teleportation {unknown}
 C - a scroll of silence {unknown}
Potions
 e - 3 potions of curing {unknown}
 h - 2 potions of might
 j - a potion of resistance {unknown}
 p - 2 potions of flight {unknown}
 s - 2 potions of degeneration {unknown}
 v - a potion of lignification {unknown}
 z - a potion of mutation {unknown}
 A - a potion of berserk rage {unknown}
 B - a potion of heal wounds {unknown}
Books
 b - a book of Flames

   Spells                             Type                      Level
   a - Flame Tongue                   Conjuration/Fire             1
   b - Throw Flame                    Conjuration/Fire             2
   c - Conjure Flame                  Conjuration/Fire             3
   d - Inner Flame                    Hexes/Fire                   3
   e - Sticky Flame                   Conjuration/Fire             4
   f - Fireball                       Conjuration/Fire             5
 k - a book of Debilitation

   Spells                             Type                      Level
   a - Corona                         Hexes                        1
   b - Slow                           Hexes                        2
   c - Inner Flame                    Hexes/Fire                   3
   d - Portal Projectile              Hexes/Translocation          3
   e - Cause Fear                     Hexes                        4
   f - Leda's Liquefaction            Hexes/Earth                  4
Comestibles
 c - 15 rations


   Skills:
 + Level 2.9 Fighting
 + Level 3.6 Short Blades
 + Level 2.8 Armour
 + Level 5.1 Dodging
 - Level 2.4 Stealth
 + Level 7.1 Spellcasting
 + Level 5.5 Conjurations
 + Level 7.3 Fire Magic


You had 9 spell levels left.
You knew the following spells:

 Your Spells              Type           Power        Failure   Level  Hunger
a - Flame Tongue          Conj/Fire      #####        1%          1    None
b - Conjure Flame         Conj/Fire      #####...     1%          3    None
c - Sticky Flame          Conj/Fire      #####...     4%          4    ###....
d - Fireball              Conj/Fire      #####.....   14%         5    #####..


Dungeon Overview and Level Annotations

Branches:
Dungeon (7/15)             Temple (0/1) D:4

Altars:
Cheibriados
Dithmenos
Makhleb
Nemelex Xobeh

Annotations:
D:7 shakethe's ghost, novice HOFE


Message History

Aim: shakethe's ghost, wielding a vorpal weapon (heavily damaged)
The flame tongue hits shakethe's ghost.
Shakethe's ghost is severely damaged.
Shakethe's ghost hits you but does no damage.
You hit shakethe's ghost but do no damage.
Shakethe's ghost is severely damaged.
Shakethe's ghost sprays you with burning goo.
The sticky flame hits you! You resist.
You are covered in liquid flames!
* * * LOW HITPOINT WARNING * * *
You are covered in liquid flames!
* * * LOW HITPOINT WARNING * * *
Shakethe's ghost casts a spell at you.
The fireball explodes!
The fireball engulfs you! You resist.
* * * LOW HITPOINT WARNING * * *
You are covered in liquid flames!
* * * LOW HITPOINT WARNING * * *
Shakethe's ghost points at you and mumbles some strange words.
The fireball explodes!
The fireball engulfs you! You resist.
You die...

# #.# . #. #.# #. #(
##.###### #.
#..#.......# .##
#.########.#..####.#
....#.............####.#
................(......#
.....<.W...........#####
.......#..@...#.#..#
.......#.####.#....#
.......#..)...#...##
......####..#.....#
###### #....#.##..#
#.#....##.[#
#.#######..#
#.........># ###########


You could see shakethe's ghost.

Vanquished Creatures
  A gargoyle (D:5)
  A black bear (D:5)
  2 phantoms
  A sky beast (D:6)
  5 ogres
  A bullfrog (D:6)
  A wyvern skeleton (D:6)
  4 wights
  A crimson imp (D:6)
  A bullfrog zombie (D:6)
  2 hounds (D:5)
  A jelly (D:5)
  3 orc priests
  2 orc wizards
  Jessica (D:3)
  Natasha (thrice) (D:3)
  An iguana (D:4)
  5 worker ants
  A hound zombie (D:6)
  A hound skeleton (D:5)
  A worker ant zombie (D:6)
  9 adders
  4 gnolls (D:4)
  2 shadow imps
  2 worms
  3 leopard geckos (D:5)
  17 orcs
  5 ball pythons
  9 bats
  5 giant cockroaches
  6 goblins
  7 hobgoblins
  6 jackals
  7 kobolds
  5 quokkas
  5 frilled lizards
  A quokka skeleton (D:4)
  7 rats
139 creatures vanquished.

Notes
Turn   | Place    | Note
-------+----------+-------------------------------------------
     0 | D:1      | shakethe the Deep Elf Fire Elementalist began the quest for the Orb.
     0 | D:1      | Reached XP level 1. HP: 10/10 MP: 6/6
   171 | D:1      | Reached XP level 2. HP: 15/15 MP: 6/8
   984 | D:2      | Reached XP level 3. HP: 15/19 MP: 6/10
  1019 | D:2      | Learned a level 3 spell: Conjure Flame
  1323 | D:2      | Found a faded altar of an unknown god.
  1926 | D:2      | Reached XP level 4. HP: 24/24 MP: 8/12
  2157 | D:3      | Noticed Jessica
  2162 | D:3      | Killed Jessica
  2167 | D:3      | Reached skill level 5 in Fire Magic
  2338 | D:3      | Reached XP level 5. HP: 28/28 MP: 8/13
  2425 | D:3      | Noticed Natasha
  2428 | D:3      | Killed Natasha
  2553 | D:3      | Found a sparkling altar of Nemelex Xobeh.
  2613 | D:3      | Noticed Natasha
  2619 | D:3      | Killed Natasha
  2854 | D:3      | Noticed Natasha
  2862 | D:3      | Killed Natasha
  2966 | D:3      | Learned a level 4 spell: Sticky Flame
  3069 | D:4      | Reached skill level 5 in Spellcasting
  3069 | D:4      | Reached XP level 6. HP: 25/32 MP: 7/15
  3078 | D:5      | Entered Level 5 of the Dungeon
  3078 | D:5      | Found a burning altar of Makhleb.
  3437 | D:4      | Reached skill level 1 in Short Blades
  3439 | D:4      | Reached XP level 7. HP: 37/37 MP: 6/17
  3571 | D:4      | Reached skill level 1 in Fighting
  3571 | D:4      | Reached skill level 1 in Armour
  3651 | D:4      | Found a snail-covered altar of Cheibriados.
  3794 | D:4      | Found a staircase to the Ecumenical Temple.
  4660 | D:5      | Found a shadowy altar of Dithmenos.
  4768 | D:5      | Reached XP level 8. HP: 43/44 MP: 11/19
  5100 | D:6      | Noticed a gargoyle
  5196 | D:5      | Killed a gargoyle
  5196 | D:5      | Reached skill level 5 in Conjurations
  5872 | D:6      | Reached XP level 9. HP: 41/49 MP: 2/21
  5959 | D:6      | Reached skill level 5 in Dodging
  6067 | D:6      | Learned a level 5 spell: Fireball
  6276 | D:7      | Noticed shakethe's ghost (novice HOFE)
  6290 | D:7      | HP: 2/49 [shakethe's ghost/fireball (10)]
  6291 | D:7      | Killed from afar by shakethe's ghost

Skill      XL: |  1  2  3  4  5  6  7  8  9 |
---------------+----------------------------+-----
Fire Magic     | 4 5 6 7 |  7.3
Conjurations   | 2 3 4 5 |  5.5
Spellcasting   | 4 5 6 7 |  7.1
Short Blades   | 1 2 3 |  3.6
Fighting       | 1 2 |  2.9
Armour         | 1 2 |  2.8
Dodging        | 3 4 5 |  5.1
Stealth        | |  2.4

Action                   |  1- 3 |  4- 6 |  7- 9 || total
-------------------------+-------+-------+-------++-------
Melee: Club              |     3 |       |       ||     3
       Unarmed           |     2 |       |       ||     2
       Dagger            |     1 |     3 |    76 ||    80
 Cast: Flame Tongue      |    76 |    89 |   127 ||   292
       Sticky Flame      |       |     3 |    24 ||    27
  Use: Scroll            |       |       |     6 ||     6
  Eat: Chunk             |     2 |     6 |     4 ||    12
       Ration            |       |       |     2 ||     2
Armor: Robe              |     7 |    17 |    29 ||    53
Dodge: Dodged            |    23 |    32 |    92 ||   147
